 Dungeon Crawl Stone Soup version 0.31-a0-667-g39726597b9 (webtiles) character file.

Game seed: 85897453109958524

60 DarkabusHale the Shield-Bearer (level 4, -2/36 (37) HPs)
             Began as a Formicid Fighter on Sept 4, 2023.
             Slain by Crazy Yiuf
             ... wielding a +4 quarterstaff of chaos
              (7 damage)
             ... on level 2 of the Dungeon.
             The game lasted 00:04:29 (1559 turns).

DarkabusHale the Shield-Bearer (Formicid Fighter)   Turns: 1559, Time: 00:04:29

HP:   -2/36 (37)    AC: 11    Str: 20    XL:     4   Next: 25%
MP:   4/4           EV:  9    Int:  8    God:
Gold: 78            SH:  5    Dex: 15    Spells: 3/3 levels left

rFire   + . .        a - +0 flail
rCold   + . .        c - +0 buckler
rNeg    . . .        b - +0 scale mail
rPois   +            (helmet unavailable)
rElec   +            g - +0 cloak
rCorr   +            (no gloves)
SInv    +            i - +2 pair of boots
Will    .....        (no amulet) Stlth
                     (no ring)
HPRegen 0.26/turn    (no ring)
MPRegen 0.09/turn

%: no passive effects
@: resistant, lightly drained
A: permanent stasis, dig shafts and tunnels, antennae 3, four strong arms
a: Dig, Shaft Self


You were on level 2 of the Dungeon.
You visited 1 branch of the dungeon, and saw 2 of its levels.

You collected 78 gold pieces.

Inventory:

Hand Weapons
 a - a +0 flail (weapon)
 e - a +1 short sword of draining
Armour
 b - a +0 scale mail (worn)
 c - a +0 buckler (worn)
 g - a +0 cloak (worn)
 i - a +2 pair of boots (worn)
Scrolls
 f - 2 scrolls of teleportation {unknown}
 j - a scroll of identify {unknown}
 l - a scroll of amnesia {unknown}
 n - a scroll of revelation {unknown}
Potions
 d - a potion of might
 h - 3 potions of haste {unknown}
 k - a potion of curing {unknown}
 m - a potion of lignification {unknown}


   Skills:
 + Level 3.7 Fighting
 * Level 3.0 Maces & Flails
 + Level 3.8 Armour
 + Level 4.5 Shields


You had 3 spell levels left.
You didn't know any spells.
Your spell library contained the following spells:

 Spells                   Type           Power      Damage    Failure   Level
 Freeze                   Ice            0%         1d3       83%         1
 Frozen Ramparts          Ice            0%         1d1       99%         3
 Hailstorm                Conj/Ice       0%         3d3       99%         3


Dungeon Overview and Level Annotations

Branches:
Dungeon (2/15)

Altars:
Cheibriados

Shops:
D:1 ?

Annotations:
D:2 Crazy Yiuf


Innate Abilities, Weirdness & Mutations

You cannot be hasted, slowed, berserked, paralysed or teleported.
You can dig through walls and to a lower floor.
You have a pair of large antennae on your head. (SInv)
Your four strong arms can wield two-handed weapons with a shield.


Message History

h - 3 black potions (gained 1)
Found a hammer.
Found a runed translucent door.
Crazy Yiuf shouts!
Crazy Yiuf laughs, "Hack bush horse!"
As you open the door, it creaks loudly!
Crazy Yiuf says, "Seed leg high!"
You barely miss Crazy Yiuf.
Crazy Yiuf whimpers, "Sif Muna Hive water!"
Crazy Yiuf closely misses you.
You closely miss Crazy Yiuf.
Crazy Yiuf hits you with a +4 quarterstaff of chaos.
You hit Crazy Yiuf.
Crazy Yiuf is moderately wounded.
Crazy Yiuf grits, "Powder tired stair!"
You block Crazy Yiuf's attack. x2
You closely miss Crazy Yiuf.
Crazy Yiuf is moderately wounded.
You block Crazy Yiuf's attack.
You barely miss Crazy Yiuf.
Crazy Yiuf is moderately wounded.
Crazy Yiuf grits, "Snower infinity shoe!"
Crazy Yiuf hits you with a +4 quarterstaff of chaos.
You are electrocuted!
You barely miss Crazy Yiuf.
Crazy Yiuf is moderately wounded.
Crazy Yiuf hits you with a +4 quarterstaff of chaos.
You barely miss Crazy Yiuf.
Crazy Yiuf is moderately wounded.
Crazy Yiuf yells, "Cards!"
Crazy Yiuf barely misses you. Crazy Yiuf hits you but does no damage.
You feel protected.
You hit Crazy Yiuf.
Crazy Yiuf is heavily wounded.
Crazy Yiuf hits you with a +4 quarterstaff of chaos!
* * * LOW HITPOINT WARNING * * *
Crazy Yiuf draws strength from your wounds!
You sock Crazy Yiuf!
Crazy Yiuf is almost dead.
Crazy Yiuf hits you with a +4 quarterstaff of chaos!
You die...

#.........####....#
####...### ##..##
#... ♣....♣ #...
♣♣P..♣ #... ♣♣.♣♣
#... ♣♣.♣ #... ♣.♣♣
#... ♣♣.♣ ♣@♣♣ #g#
... #...# ### #)..#
#.# ##### #.#
##[###########
####..##........#


You could see Crazy Yiuf.

Vanquished Creatures
  An adder (D:2)
  A worm (D:2)
  A dart slug (D:1)
  6 ball pythons
  7 bats
  3 endoplasms
  3 giant cockroaches
  3 hobgoblins
  A quokka (D:1)
  2 frilled lizards
  5 goblins (D:1)
  8 kobolds
  4 rats
45 creatures vanquished.

Notes
Turn   | Place    | Note
-------+----------+-------------------------------------------
     0 | D:1      | DarkabusHale the Formicid Fighter began the quest for the
                  | Orb.
     0 | D:1      | Reached XP level 1. HP: 18/18 MP: 1/1
   141 | D:1      | Reached XP level 2. HP: 19/24 MP: 2/2
   213 | D:1      | Found Buhemu His's Magic Scroll Shoppe.
   498 | D:1      | Reached XP level 3. HP: 23/29 MP: 3/3
  1300 | D:2      | Reached XP level 4. HP: 34/36 MP: 4/4
  1315 | D:2      | Found a snail-covered altar of Cheibriados.
  1546 | D:2      | Found a runed translucent door.
  1547 | D:2      | Noticed Crazy Yiuf
  1559 | D:2      | Slain by Crazy Yiuf

Illustrated notes

Levels and vault maps discovered:
D:1:      dpeg_arrival_rhombus, layout_loops_ring, serial_shops, shop,
          serial_park_tiny_2, dk_noncrumbling_2, minmay_vboxes
D:2:      layout_basic, basic_altar, uniq_crazy_yiuf_cottage

Skill      XL: |  1  2  3 |
---------------+----------+-----
Maces & Flails | 3 |  3.0
Fighting       | |  3.7
Armour         | |  3.8
Shields        | |  4.5

Action                     |  1- 3 |  4- 6 || total
---------------------------+-------+-------++-------
  Melee: Flail             |    99 |    28 ||   127
Ability: Dig               |     1 |       ||     1
 Armour: Scale mail        |    63 |    16 ||    79
  Dodge: Dodged            |    43 |     6 ||    49
  Block: Buckler           |    29 |     6 ||    35

Table legend: (Time is in decaauts)
 A = Elapsed time spent in this place.
 B = Non-inter-level travel time spent in this place.
 C = Inter-level travel time spent in this place.
 D = Time resting spent in this place.
 E = Time spent auto-exploring this place.
 F = Levels seen in this place.
 G = Mean time per level.
                   A        B        C        D        E       F      G
               +--------+--------+--------+--------+--------+-----+--------+
         Total |   1597 |   1559 |     38 |      0 |   1149 |   2 |  798.5 |
       Dungeon |   1597 |   1559 |     38 |      0 |   1149 |   2 |  798.5 |
               +--------+--------+--------+--------+--------+-----+--------+

Top non-repeatable levels by time:
     D:1: 951 daAuts
     D:2: 646 daAuts
